 Dungeon Crawl Stone Soup version 0.30.0-5-g1a98f26d00 (webtiles) character file.

Game seed: 3192671944045304499

46 Groucho the Shooter (level 3, -2/18 HPs)
             Began as a Spriggan Hunter on May 12, 2023.
             Slain by an orc
             ... wielding a +0 club
              (3 damage)
             ... on level 3 of the Dungeon.
             The game lasted 00:01:45 (1935 turns).

Groucho the Shooter (Spriggan Hunter)               Turns: 1935, Time: 00:01:45

Health: -2/18      AC:  2    Str:  7    XL:     3   Next: 44%
Magic:  4/4        EV: 18    Int: 10    God:
Gold:   87         SH:  0    Dex: 20    Spells: 2/2 levels left

rFire   . . .        a - +0 shortbow
rCold   . . .        (shield currently unavailable)
rNeg    . . .        c - +0 robe
rPois   .            (helmet restricted)
rElec   .            (no cloak)
rCorr   +            (gloves unavailable)
SInv    +            (boots unavailable)
Will    +....        (no amulet)
Stlth   ++           g - ring of resist corrosion
HPRegen 0.23/turn    o - ring of willpower
MPRegen 0.09/turn

%: no passive effects
@: very quick
A: very small, no large weapons, unfitting armour, see invisible, speed 3
a: no special abilities


You were on level 3 of the Dungeon.
You visited 1 branch of the dungeon, and saw 3 of its levels.

You collected 87 gold pieces.

Inventory:

Hand Weapons
 a - a +0 shortbow (weapon)
Armour
 c - a +0 robe (worn)
Jewellery
 g - a ring of resist corrosion (left hand)
 o - a ring of willpower (right hand)
 q - a ring of magical power
Wands
 p - a wand of mindburst (19)
Scrolls
 b - 3 scrolls of immolation
 e - a scroll of fog {unknown}
 f - 2 scrolls of noise {unknown}
 h - a scroll of identify {unknown}
 i - a scroll of vulnerability {unknown}
 r - a scroll of acquirement {unknown}
Potions
 d - 2 potions of heal wounds {unknown}
 j - a potion of attraction {unknown}
 k - a potion of might {unknown}
 l - a potion of flight {unknown}
 m - a potion of magic {unknown}
 n - a potion of haste {unknown}


   Skills:
 + Level 1.8 Fighting
 + Level 5.0 Ranged Weapons
 + Level 2.9 Dodging
 - Level 1.5 Stealth
 + Level 0.1 Evocations


You had 2 spell levels left.
You didn't know any spells.
Your spell library contained the following spells:

 Spells                   Type           Power      Damage    Failure   Level
 Beastly Appendage        Tmut           0%         N/A       36%         1
 Wereblood                Tmut           0%         N/A       50%         2
 Spider Form              Tmut/Pois      0%         N/A       75%         3


Dungeon Overview and Level Annotations

Branches:
Dungeon (3/15)

Altars:


Innate Abilities, Weirdness & Mutations

You are very small and have problems with some larger weapons.
You are too small for most types of armour.
You have supernaturally acute eyesight. (SInv)
You cover ground extremely quickly. (Speed+++)


Message History

You kill the orc!
The orc priest shouts!
You hear a shout!
You shoot an arrow.
The arrow hits the orc priest but does no damage.
An orc comes into view. It is wielding a +0 club.
You shoot an arrow.
The arrow hits the orc priest but does no damage.
You shoot an arrow.
The arrow closely misses the orc priest.
The orc priest hits you with a +4 dagger.
You shoot an arrow.
The arrow closely misses the orc priest.
The orc priest closely misses you.
You shoot an arrow. The arrow barely misses the orc priest.
The orc priest hits you with a +4 dagger.
A quokka comes into view.
Fire: a) +0 shortbow
Press: ? - help, Q - select action, (/) - cycle Shift-Dir - straight line, f - orc, p - orc priest
Aim: an orc, wielding a +0 club (64% to hit)
You shoot an arrow. The arrow barely misses the orc priest.
The arrow closely misses the orc.
The orc priest hits you with a +4 dagger.
An orc comes into view. It is wielding a +0 whip.
Unknown command.
Unknown command.
Fire: a) +0 shortbow
Press: ? - help, Q - select action, (/) - cycle Shift-Dir - straight line, f - orc, p - orc
Aim: an orc, wielding a +0 whip (wandering, hasn't noticed you, 64% to hit)
You shoot an arrow.
The arrow closely misses the orc priest.
The orc shouts!
The arrow hits the orc.
The orc is heavily wounded.
The orc priest hits you with a +4 dagger.
The orc barely misses you.
The orc priest hits you with a +4 dagger.
* * * LOW HITPOINT WARNING * * *
Unknown command.
The orc priest barely misses you. The orc hits you with a +0 club.
You die...

..... ...
#.... ..# .
#.... ..
#.#.... ..
#..#r.. .#
#..... .######
##...o#.......
#....o@....#
#.##.......#
......##....#
....).... ....
.##.#.... #..
......... >
.#....###(
#.### ..


You could see an orc priest, an orc and a quokka.

Vanquished Creatures
  2 adders (D:2)
  An orc (D:3)
  An endoplasm (D:2)
  A giant cockroach (D:1)
  4 goblins
  3 hobgoblins
  3 quokkas
  4 ball pythons
  2 bats
  3 kobolds
  3 rats (D:1)
27 creatures vanquished.

Notes
Turn   | Place    | Note
-------+----------+-------------------------------------------
     0 | D:1      | Groucho the Spriggan Hunter began the quest for the Orb.
     0 | D:1      | Reached XP level 1. HP: 10/10 MP: 2/2
   394 | D:1      | Reached XP level 2. HP: 14/14 MP: 3/3
   895 | D:2      | Reached XP level 3. HP: 7/18 MP: 4/4
  1398 | D:2      | Reached skill level 5 in Ranged Weapons
  1935 | D:3      | Slain by an orc

Illustrated notes

Levels and vault maps discovered:
D:1:      lightli_arrival_windingriver, layout_basic
D:2:      layout_basic
D:3:      layout_basic, marbit_many_paths

Skill      XL: |  1  2  3 |
---------------+----------+-----
Ranged Weapons | 5 |  5.0
Fighting       | |  1.8
Dodging        | |  2.9
Stealth        | |  1.5
Evocations     | |  0.1

Action                     || total
---------------------------++-------
   Fire: Shortbow          ||    69
 Armour: Robe              ||     1
  Dodge: Dodged            ||    19
